 Dungeon Crawl Stone Soup version 0.18-a0-1542-g9c1a92e (webtiles) character file.

102 Kilingo the Digger (level 4, -1/24 HPs)
             Began as a Gargoyle Earth Elementalist on Mar 11, 2016.
             Killed by divine providence
             ... invoked by an orc priest
              (14 damage)
             ... on level 3 of the Dungeon.
             The game lasted 00:25:16 (1925 turns).

Kilingo the Digger (Gargoyle Earth Elementalist)    Turns: 1925, Time: 00:25:16

Health: -1/24      AC:  5    Str: 12    XL:     4   Next: 77%
Magic:  4/8        EV: 12    Int: 15    God:
Gold:   63         SH:  0    Dex: 11    Spells: 2 memorised, 5 levels left

rFire  . . .     SeeInvis .     b - 42 stones
rCold  . . .     Gourm    .     h - +0 robe
rNeg   + . .     Faith    .     (no shield)
rPois  ∞         Spirit   .     (no helmet)
rElec  +         Dismiss  .     (no cloak)
rCorr  .         Reflect  .     (no gloves)
SustAt .         Harm     .     (no boots)
MR     .....                    (no amulet)
Stlth  ++........               (no ring)
                                (no ring)

@: not resistant to hostile enchantments, unstealthy
A: negative energy resistance 1, electricity resistance, unbreathing,
petrification resistance, rot immunity, AC +3
a: no special abilities


You were on level 3 of the Dungeon.
You were not hungry.

You visited 1 branch of the dungeon, and saw 3 of its levels.

You collected 63 gold pieces.

Inventory:

Hand Weapons
 a - a +0 dagger
 s - a +0 rapier
Missiles
 b - 42 stones (in hand)
Armour
 f - a +0 helmet
 h - a +0 robe (worn)
 k - a cursed -2 buckler
Jewellery
 j - a +6 ring of evasion {unknown}
 o - an uncursed ring of magical power {unknown}
Wands
 u - a wand of disintegration (8/24)
Scrolls
 g - 2 scrolls of identify {unknown}
 m - a scroll of fear {unknown}
 v - a scroll of amnesia {unknown}
Potions
 e - a potion of cancellation {unknown}
 p - 3 potions of curing
 q - a potion of cure mutation {unknown}
 r - a potion of agility {unknown}
 t - a potion of mutation {unknown}
Books
 c - a book of Geomancy

   Spells                             Type                      Level
   a - Sandblast                      Earth                        1
   b - Passwall                       Transmutation/Earth          2
   c - Stone Arrow                    Conjuration/Earth            3
   d - Petrify                        Transmutation/Earth          4
   e - Lee's Rapid Deconstruction     Earth                        5
Comestibles
 d - 4 bread rations
 i - a meat ration
 l - 2 beef jerkies
 n - 2 chunks of flesh


   Skills:
 + Level 0.2 Fighting
 + Level 0.5 Throwing
 + Level 1.8 Dodging
 + Level 2.7 Stealth
 + Level 3.2 Spellcasting
   Level 0.7 Transmutations
 + Level 4.7 Earth Magic


You had 5 spell levels left.
You knew the following spells:

 Your Spells              Type           Power        Failure   Level  Hunger
a - Sandblast             Erth           ###...       2%          1    #......
b - Stone Arrow           Conj/Erth      #.....       24%         3    ###....


Dungeon Overview and Level Annotations

Branches:
Dungeon (3/15)

Altars:


Innate Abilities, Weirdness & Mutations

You are resistant to torment.
Your stone body is resilient (AC +3).
You are immune to poison.
You resist negative energy.
You are resistant to electric shocks.
You can survive without breathing.
You are immune to petrification.
You are immune to rotting.


Message History

The orc priest is heavily wounded.
Casting: Sandblast
Confirm with . or Enter, or press ? or * to list all spells.
Aiming: Sandblast
Press: ? - help, Shift-Dir - straight line, f/p - orc priest
Aim: an orc priest, wielding a club and wearing a scale mail (heavily wounded)
The rocky blast hits the orc priest.
The orc priest is severely wounded.
Something hits you but does no damage.
The orc priest hits you but does no damage.
Casting: Sandblast
Confirm with . or Enter, or press ? or * to list all spells.
Aiming: Sandblast
Press: ? - help, Shift-Dir - straight line, f/p - orc priest
Aim: an orc priest, wielding a club and wearing a scale mail (severely wounded)
Okay, then.
The orc priest mumbles some strange prayers to Beogh against you.
Beogh smites you!
Ouch! That really hurt!
You die...

#..# ..# ######..# # #
#.# ##...##..# #.#.#.# #
.'...'...# #.#.#.# .#
##...##..###.....o ..
#####.......#.#.####.#
#...#####..oo.o.†#
######...##.####.#######
................@.......
######.#.##.####.#######
#......# #.# ###.##.#
#.# #.##.# #.# #.##.#
#.# #.##.# #.# #.####
#!. #.#


You could see an orc priest and 2 orcs.

Vanquished Creatures
  5 adders
  2 oozes (D:2)
  A dart slug (D:3)
  A giant gecko (D:3)
  A ball python (D:2)
  6 bats
  A giant cockroach (D:1)
  4 goblins
  8 hobgoblins
  2 jackals (D:2)
  A quokka (D:3)
  2 giant newts (D:1)
  6 kobolds
  6 rats
46 creatures vanquished.

Notes
Turn   | Place    | Note
--------------------------------------------------------------
     0 | D:1      | Kilingo the Gargoyle Earth Elementalist began the quest for the Orb.
     0 | D:1      | Reached XP level 1. HP: 10/10 MP: 3/3
   316 | D:1      | Reached skill level 4 in Earth Magic
   344 | D:1      | Reached XP level 2. HP: 15/15 MP: 3/5
   914 | D:2      | Reached XP level 3. HP: 19/19 MP: 3/6
  1377 | D:2      | Reached XP level 4. HP: 21/24 MP: 3/8
  1564 | D:3      | Learned a level 3 spell: Stone Arrow
  1925 | D:3      | Killed from afar by an orc priest

Vault maps used:
D:1:      minmay_arrival_arboretum_small
D:3:      kennysheep_another_room

Skill      XL: |  1  2  3  4 |
---------------+-------------+-----
Earth Magic    | 4 |  4.7
Spellcasting   | 3 |  3.2
Fighting       | |  0.2
Throwing       | |  0.5
Dodging        | |  1.8
Stealth        | |  2.7
Transmutations | |  0.7

Action                   |  1- 3 |  4- 6 || total
-------------------------+-------+-------++-------
Melee: Dagger            |    13 |     5 ||    18
       Rapier            |       |     3 ||     3
Throw: Stone             |    33 |       ||    33
       Throwing net      |     2 |       ||     2
 Cast: Sandblast         |    42 |    25 ||    67
  Use: Potion            |       |     1 ||     1
 Stab: Sleeping          |     6 |     5 ||    11
  Eat: Chunk             |     2 |     2 ||     4
